 Dungeon Crawl Stone Soup version 0.23.2-33-g5129a83 (webtiles) character file.

Game seed: 7544345066571265901

305 Fortress the Chopper (level 6, -1/58 HPs)
             Began as a Deep Dwarf Berserker on June 30, 2019.
             Was a Believer of Trog.
             Slain by an orc priest
             ... wielding a +0 flail
              (3 damage)
             ... on level 5 of the Dungeon.
             The game lasted 00:12:22 (1911 turns).

Fortress the Chopper (Deep Dwarf Berserker)         Turns: 1911, Time: 00:12:24

Health: -1/58      AC:  1    Str: 22    XL:     6   Next: 15%
Magic:  4/4        EV: 12    Int:  8    God:    Trog [**....]
Gold:   120        SH:  0    Dex: 12    Spells: 5/5 levels left

rFire    . . .     SeeInvis .   r - +0 war axe (freeze)
rCold    . . .     Gourm    .   (no shield)
rNeg     . . .     Faith    .   t - +0 ring mail
rPois    .         Spirit   .   (no helmet)
rElec    .         Reflect  .   (no cloak)
rCorr    .         Harm     .   (no gloves)
MR       ++...                  (no boots)
Stlth    +.........             g - amulet of the acrobat
HPRegen  1.00/turn              (no ring)
MPRegen  0.09/turn              (no ring)

@: corroded, non-regenerating
A: damage resistance, heal wounds, sense surroundings 1, no regeneration
a: Heal Wounds, Berserk, Trog's Hand, Renounce Religion


You were on level 5 of the Dungeon.
You worshipped Trog.
Trog was pleased with you.
You were very hungry.

You visited 1 branch of the dungeon, and saw 4 of its levels.

You collected 120 gold pieces.

Inventory:

Hand Weapons
 k - a +1 short sword of holy wrath
 r - a +0 war axe of freezing (weapon)
Missiles
 h - 105 stones (quivered)
 i - 12 sling bullets
 m - 17 poisoned needles
Armour
 t - a +0 ring mail (worn)
Jewellery
 f - an uncursed ring of ice {unknown}
 g - an amulet of the acrobat (around neck)
Wands
 q - a wand of polymorph (7)
Scrolls
 b - a scroll of teleportation {unknown}
 d - 2 scrolls of identify
 p - a scroll of noise
Potions
 a - a potion of berserk rage {unknown}
 e - a potion of might
 o - a potion of ambrosia {unknown}
Comestibles
 c - 2 rations
 s - 6 chunks of flesh


   Skills:
 + Level 4.3 Fighting
 - Level 2.4 Short Blades
 + Level 4.6 Axes
 + Level 2.8 Armour
 - Level 3.0 Dodging


You had 5 spell levels left.
You didn't know any spells.
Your spell library was empty.

Dungeon Overview and Level Annotations

Branches:
Dungeon (3/15)

Altars:
Dithmenos
Kikubaaqudgha
Yredelemnul

Portals:
Ossuary: D:5


Innate Abilities, Weirdness & Mutations

You are resistant to damage.
You can heal yourself by infusing magical energy.
You passively map a small area around you.
You do not regenerate.


Message History

The orc throws a stone.
The stone hits you.
Found 15 gold pieces.
You see here a stone.
Found a scroll of identify.
You slash the orc priest! You freeze the orc priest.
The orc priest is almost dead.
You hit the orc but do no damage. The orc priest closely misses you.
You barely miss the orc priest.
The orc priest is almost dead.
You slash the orc! You freeze the orc.
You kill the orc!
Trog accepts your kill.
You hit the orc. You freeze the orc.
You kill the orc!
Trog accepts your kill.
The orc priest mumbles some strange prayers to Beogh against you.
Beogh smites you!
* * * LOW HITPOINT WARNING * * *
The orc priest hits you with a +0 flail.
You die...

, , * #........?....
##......>......
#...P.P......∩. * ##
###[..._........$ .##
##......P.P........ ,
..###...# #..)........#
#.....#####...%>o)...# *
####.......)....@)...#
#.######.(†..(....#
###.# #...!.........
##...# #.?........... ,
....########)(......####
.(.........()......##
....################ ,
....# #####


You could see an orc priest.

Vanquished Creatures
  2 orc priests (D:3)
  Jessica (D:3)
  Natasha (thrice) (D:2)
  Robin (D:2)
  2 adders (D:5)
  4 gnolls (D:5)
  An ooze (D:1)
  3 worms
  2 dart slugs
  4 orcs
  A ball python (D:1)
  A giant cockroach (D:1)
  8 goblins
  11 hobgoblins
  3 jackals (D:1)
  A ball python zombie (D:5)
  5 bats
  7 frilled lizards
  2 kobolds
  A quokka skeleton (D:5)
  5 rats
68 creatures vanquished.

Notes
Turn   | Place    | Note
-------+----------+-------------------------------------------
     0 | D:1      | Fortress the Deep Dwarf Berserker began the quest for the
                  | Orb.
     0 | D:1      | Reached XP level 1. HP: 20/20 MP: 1/1
   102 | D:1      | Reached XP level 2. HP: 24/27 MP: 2/2
   802 | D:2      | Noticed Robin
   805 | D:2      | Reached XP level 3. HP: 23/34 MP: 3/3
   811 | D:2      | Reached ** piety under Trog
   851 | D:2      | Killed Robin
   980 | D:2      | Noticed Natasha
   990 | D:2      | Killed Natasha
   990 | D:2      | Reached XP level 4. HP: 18/42 MP: 3/3
  1022 | D:2      | Found a shadowy altar of Dithmenos.
  1124 | D:2      | Noticed Natasha
  1134 | D:2      | Killed Natasha
  1134 | D:2      | Reached skill level 1 in Short Blades
  1226 | D:2      | Noticed Natasha
  1233 | D:2      | Killed Natasha
  1233 | D:2      | Reached XP level 5. HP: 16/50 MP: 4/4
  1718 | D:3      | Noticed Jessica
  1726 | D:3      | Killed Jessica
  1793 | D:3      | Found an ancient bone altar of Kikubaaqudgha.
  1796 | D:3      | You fall through a shaft for 2 floors!
  1796 | D:5      | Entered Level 5 of the Dungeon
  1884 | D:5      | Reached XP level 6. HP: 25/57 MP: 5/5
  1895 | D:5      | Found a basalt altar of Yredelemnul.
  1907 | D:5      | Found a sand-covered staircase.
  1911 | D:5      | HP: 2/58 [orc priest/divine providence (14)]
  1911 | D:5      | Slain by an orc priest

Skill      XL: |  1  2  3  4  5 |
---------------+----------------+-----
Fighting       | 3 4 |  4.3
Axes           | 4 |  4.6
Dodging        | 3 |  3.0
Short Blades   | 1 2 |  2.4
Armour         | |  2.8

Action                   |  1- 3 |  4- 6 || total
-------------------------+-------+-------++-------
Melee: Hand axe          |   109 |       ||   109
       Short sword       |    32 |    45 ||    77
       War axe           |       |    54 ||    54
Invok: Trog's Hand       |       |     6 ||     6
       Berserk           |       |     1 ||     1
 Abil: Heal Wounds       |     2 |     2 ||     4
  Use: Scroll            |       |     5 ||     5
  Eat: Chunk             |       |     2 ||     2
       Ration            |       |     1 ||     1
Armor: Animal skin       |    25 |     2 ||    27
       Ring mail         |       |    24 ||    24
Dodge: Dodged            |    73 |    54 ||   127
